 Dungeon Crawl Stone Soup version 0.29.1-12-g30fa7ad0bf (webtiles) character file.

Game seed: 3053134449465151577

62007 wormed the Tainter (level 14, -4/115 HPs)
             Began as a Demonspawn Venom Mage on Dec 27, 2022.
             Was a High Priest of Vehumet.
             Slain by an orc warlord
             ... wielding a +5 long sword of holy wrath
              (17 damage)
             ... on level 2 of the Orcish Mines on Dec 28, 2022.
             The game lasted 01:54:02 (39374 turns).

wormed the Tainter (Demonspawn Venom Mage)         Turns: 39374, Time: 01:54:04

Health: -4/115     AC: 27    Str: 10    XL:     14   Next: 62%
Magic:  3/26       EV: 11    Int: 29    God:    Vehumet [*****.]
Gold:   1013       SH: 17    Dex: 11    Spells: 2/29 levels left

rFire   + + +      SeeInvis +   L - +2 dagger (chaos)
rCold   + + .      Faith    .   C - +0 kite shield {reflect}
rNeg    . . .      Spirit   .   R - +0 robe {rC+ rF+}
rPois   .          Reflect  +   g - +2 hat {SInv}
rElec   .          Harm     .   G - +0 cloak
rCorr   .          Rampage  .   k - +0 pair of gloves
Will    ++...                   U - +3 pair of mountain boots {steadfast, rC+}
Stlth   ++........              f - amulet of Exuzaj {Reflect rF+ Will+ Int+2 Dex-2 SH+5}
HPRegen 0.29/turn               u - +6 ring of intelligence
MPRegen 0.20/turn               F - ring of protection from fire

@: sanguine armoured
A: icemail 2, sanguine armour 2, condensation shield, demonic magic 1, weakness
stinger 2
a: Renounce Religion


You were on level 2 of the Orcish Mines.
You worshipped Vehumet.
Vehumet was extremely pleased with you.
You visited 4 branches of the dungeon, and saw 19 of its levels.
You also visited: Volcano.

You collected 1772 gold pieces.
You spent 759 gold pieces at shops.

Inventory:

Hand Weapons
 L - a +2 dagger of chaos (weapon)
Missiles
 A - 3 throwing nets
Armour
 g - a +2 hat of see invisible (worn)
 k - a +0 pair of gloves (worn)
 C - a +0 kite shield of reflection (worn)
 G - a +0 cloak (worn)
 K - a +0 troll leather armour
 R - a +0 robe of resistance (worn)
 S - a +2 robe of willpower
 U - the +3 pair of mountain boots (worn) {steadfast, rC+}
   (You found it on level 4 of the Lair of Beasts)

   It prevents involuntary movement, except for blinking, teleportation, or
   banishment.
   rC:        It protects you from cold.
Jewellery
 f - the amulet of Exuzaj (around neck) {Reflect rF+ Will+ Int+2 Dex-2 SH+5}
   (You bought it in a shop on level 2 of the Orcish Mines)

   [amulet of reflection]

   It reflects blocked missile attacks.
   Int:       It affects your intelligence (+2).
   Dex:       It affects your dexterity (-2).
   rF:        It protects you from fire.
   SH:        It affects your SH (+5).
   Will:      It increases your willpower.
 q - an amulet of the acrobat
 r - a +4 ring of protection
 u - a +6 ring of intelligence (left hand)
 z - the ring of Bewn {rF+ rC+}
   (You found it on level 4 of the Lair of Beasts)

   [ring of protection from fire]

   rF:        It protects you from fire.
   rC:        It protects you from cold.
 F - a ring of protection from fire (right hand)
 N - a ring of willpower
 O - a ring of resist corrosion
Wands
 a - a wand of paralysis (5) (quivered)
 b - a wand of roots (18)
 e - a wand of polymorph (3)
 w - a wand of light (10)
 H - a wand of digging (8)
Scrolls
 c - a scroll of silence
 h - 4 scrolls of butterflies {unknown}
 i - 5 scrolls of poison {unknown}
 j - 7 scrolls of enchant weapon {unknown}
 l - 13 scrolls of teleportation {unknown}
 o - 3 scrolls of magic mapping {unknown}
 p - 4 scrolls of vulnerability {unknown}
 x - a scroll of torment
 y - 4 scrolls of enchant armour
 E - 4 scrolls of immolation
 J - a scroll of amnesia
Potions
 d - 7 potions of brilliance
 m - 4 potions of curing
 n - 6 potions of flight
 s - 4 potions of ambrosia
 t - 2 potions of lignification
 v - 4 potions of attraction
 B - a potion of cancellation
 I - 4 potions of might
 V - 3 potions of invisibility {unknown}
Miscellaneous
 M - a box of beasts (inert)
 P - a phantom mirror (inert)
 T - a tin of tremorstones (2/2)


   Skills:
 - Level 12.0 Fighting
 + Level 3.3 Dodging
 - Level 2.0 Stealth
 * Level 2.5 Shields
 - Level 8.0 Spellcasting
 - Level 12.0 Conjurations
 - Level 12.0 Translocations
 - Level 1.0 Transmutations
 - Level 12.0 Poison Magic
 - Level 5.0 Evocations


You had 2 spell levels left.
You knew the following spells:

 Your Spells              Type           Power      Damage    Failure   Level
a - Poisonous Vapours     Pois/Air       92%        N/A       1%          2
b - Olgreb's Toxic Radia  Pois           69%        N/A       1%          4
c - Searing Ray           Conj           100%       2d8       1%          2
d - Iskenderun's Battles  Conj           69%        2d12      1%          5
e - Mephitic Cloud        Conj/Pois/Air  55%        N/A       1%          3
f - Sting                 Tmut/Pois      100%       1d8       1%          1
g - Iskenderun's Mystic   Conj/Tloc      69%        2d14      1%          4
h - Dispersal             Tloc           34%        N/A       16%         6

Your spell library contained the following spells:

 Spells                   Type           Power      Damage    Failure   Level
 Airstrike                Air            5%         2d(1-17)  34%         4
 Magic Dart               Conj           100%       1d8       1%          1
 Beastly Appendage        Tmut           34%        N/A       10%         1
 Summon Small Mammal      Summ           44%        N/A       14%         1
 Wereblood                Tmut           17%        N/A       14%         2
 Passwall                 Tmut/Erth      11%        N/A       19%         2
 Call Imp                 Summ           11%        N/A       22%         2
 Ensorcelled Hibernation  Hex/Ice        22%        N/A       22%         2
 Gell's Gravitas          Tloc           69%        N/A       1%          3
 Teleport Other           Tloc           69%        N/A       1%          3
 Spider Form              Tmut/Pois      49%        N/A       3%          3
 Freezing Cloud           Conj/Ice/Air   17%        6-21      21%         5
 Call Canine Familiar     Summ           11%        N/A       41%         3
 Summon Guardian Golem    Hex/Summ       11%        N/A       41%         3
 Swiftness                Air            11%        N/A       41%         3
 Ice Form                 Ice/Tmut       14%        N/A       75%         4


Dungeon Overview and Level Annotations

Branches:
Dungeon (11/15)            Temple (1/1) D:6            Lair (5/5) D:10
  Swamp (0/4) Lair:2        Snake (0/4) Lair:2        Slime (0/5) Lair:5
    Orc (2/2) D:9             Elf (0/3) Orc:2       Volcano (visited)

Altars:
Ashenzari
Cheibriados
Dithmenos
Fedhas
Gozag
Hepliaklqana
Kikubaaqudgha
Nemelex Xobeh
Okawaru
Qazlal
Ru
Sif Muna
Trog
Uskayaw
Vehumet
Wu Jian
Yredelemnul
Lugonu

Shops:
D:3 *   D:9 [   Orc:2 =[

Portals:
Abyss: Lair:5


Innate Abilities, Weirdness & Mutations

A meltable icy envelope protects you from harm. (AC +8)
When seriously injured, your blood forms thick armour. (AC +9)
A meltable shield of frost defends you. (SH +4)
Spells you cast may paralyse adjacent enemies.
You have a tail ending in a sharp stinger.


Message History

Your toxic aura wanes.
Your battlesphere fires!
The barrage of energy hits the orc warlord.
The orc warlord is moderately wounded.
The searing ray hits the orc warlord but does no damage.
The orc warlord is moderately wounded.
Your battlesphere fires!
The barrage of energy hits the orc warlord but does no damage.
The orc warlord is moderately wounded.
The searing ray hits the orc warlord but does no damage.
The orc warlord is moderately wounded.
Your battlesphere fires!
The barrage of energy hits the orc warlord.
The orc warlord is moderately wounded.
The orc warlord hits you with a +5 long sword of holy wrath.
You convulse.
The searing ray hits the orc warlord but does no damage.
The orc warlord is moderately wounded.
You finish channelling your searing ray.
Your battlesphere fires!
The barrage of energy hits the orc warlord!
The orc warlord is heavily wounded.
The orc warlord hits you with a +5 long sword of holy wrath!!
Your blood congeals into armour.
You convulse!!
Casting: Searing Ray (safe; 1% risk of failure)
Confirm with . or Enter, or press ? or * to list all spells.
You don't have enough magic to cast this spell.
Casting: Searing Ray (safe; 1% risk of failure)
Confirm with . or Enter, or press ? or * to list all spells.
Aiming: Sting (safe; 1% risk of failure)
Press: ? - help, Shift-Dir - straight line, f - orc warlord
Aim: an orc warlord, wielding a +5 long sword of holy wrath and wearing a +2 plate armour of positive energy (heavily wounded, very poisoned, ally target, 87% to hit)
Okay, then.
Aiming: Paralyse
Press: ? - help, Q - select action, (/) - cycle Shift-Dir - straight line The orc warlord easily resists.
The orc warlord hits you with a +5 long sword of holy wrath!!
* * * LOW HITPOINT WARNING * * *
You convulse!
You die...

.)).........#8...'.).......####..
###.........#_...#.........##.##.
............######.............#.
###..................[......#.#..
###............*..)........#...
#.............).[.))......#...
###........).[................
#...........o)...##.#........
##....##....@)....##.........
###.##.....[....##.#........
####.....[....#>..........
##.#....#..#...#.##.......
#.......#####.######....##
##.#.....# ### ##...## ####...##
#...##. ##### ##.#### ### #


You could see an orc warlord (very poisoned, ally target) and a friendly
battlesphere.

Vanquished Creatures
  Gastronok (Lair:2)
  An orc warlord (D:9)
  Harold (Orc:1)
  4 hydras
  A centaur warrior (D:9)
  A two-headed ogre (D:9)
  2 boulder beetles
  5 death yaks
  A hell hog (Volcano)
  An orc high priest (Orc:2)
  The ghost of Mekil the Agent of Entropy, a journeyman FeAK of Lugonu (Lair:4)
  2 thrashing horrors (Lair:5)
  A fire crab (Volcano)
  A spectral hydra (Lair:4)
  Pikel (D:8)
  A lindwurm (Lair:5)
  2 orc sorcerers (Orc:2)
  An orc knight (Orc:2)
  3 ugly things
  Maurice (Orc:2)
  3 black mambas
  10 elephants
  A torpor snail (Lair:4)
  2 molten gargoyles (Volcano)
  4 smoke demons (Lair:5)
  Maggie (D:8)
  11 cane toads
  3 unseen horrors (D:10)
  A rime drake (shapeshifter) (Lair:5)
  10 komodo dragons
  Psyche (D:8)
  4 rime drakes
  A kobold demonologist (D:9)
  An efreet (D:9)
  2 ancient zymes (Lair:5)
  6 trolls
  A raiju (shapeshifter) (Lair:5)
  A hornet (D:8)
  11 small abominations (Lair:5)
  19 blink frogs (Lair:5)
  A dream sheep (shapeshifter) (Lair:5)
  6 dream sheep (Lair:5)
  2 shadows (D:10)
  19 yaks
  A spriggan (Lair:5)
  4 fire bats (Volcano)
  3 wyverns
  5 basilisks
  2 vampire mosquitoes (D:10)
  5 steam dragons
  A chaos spawn (Lair:5)
  Menkaure (D:4)
  9 wargs
  2 nagas (Lair:2)
  14 water moccasins
  A hydra simulacrum (Lair:4)
  2 hell hounds (Volcano)
  3 acid dragons
  2 large abominations
  32 orc warriors
  3 ice beasts
  2 black bears
  7 ogres
  A black mamba simulacrum (Lair:4)
  3 centaurs
  19 wolves
  3 lemures (D:8)
  A phantom (D:3)
  Blork the orc (D:6)
  13 bullfrogs
  2 necrophages
  3 scorpions
  A cane toad simulacrum (Lair:4)
  7 wights
  6 killer bees (D:10)
  3 howler monkeys
  7 lava snakes
  2 jellies
  15 orc priests
  2 hounds
  A gnoll bouda (D:5)
  6 iguanas
  Natasha (thrice) (D:2)
  7 hell rats
  13 orc wizards
  7 gnolls
  12 adders
  A shadow imp (D:6)
  2 white imps
  3 dart slugs
  74 orcs
  5 ball pythons
  4 endoplasms (D:1)
  2 giant cockroaches
  10 goblins
  9 hobgoblins
  A jackal (Orc:2)
  4 kobolds
  5 quokkas
  6 bats
  3 frilled lizards
  17 rats
536 creatures vanquished.

Vanquished Creatures (collateral kills)
  Donald (Orc:2)
  A spectral catoblepas (Lair:4)
2 creatures vanquished.

Vanquished Creatures (others)
  A human (D:8)
  2 goblins (D:9)
  34 fungi
  41 plants
78 creatures vanquished.

Grand Total: 616 creatures vanquished

Notes
Turn   | Place    | Note
-------+----------+-------------------------------------------
     0 | D:1      | wormed the Demonspawn Venom Mage began the quest for the
                  | Orb.
     0 | D:1      | Reached XP level 1. HP: 13/13 MP: 3/3
    79 | D:1      | Reached skill level 1 in Transmutations
   367 | D:1      | Found a faded altar of an unknown god.
   378 | D:1      | Gained mutation: When seriously injured, your blood forms
                  | armour. (AC +9) [demonic ancestry]
   378 | D:1      | Reached XP level 2. HP: 11/19 MP: 0/5
   661 | D:1      | Learned a level 2 spell: Poisonous Vapours
  1061 | D:1      | Gained mutation: A meltable shield of frost defends you.
                  | (SH +4) [demonic ancestry]
  1061 | D:1      | Reached XP level 3. HP: 24/24 MP: 4/7
  2202 | D:2      | Gained mutation: When seriously injured, your blood forms
                  | thick armour. (AC +9) [demonic ancestry]
  2202 | D:2      | Reached XP level 4. HP: 6/30 MP: 4/9
  2440 | D:2      | Noticed Natasha
  2449 | D:2      | Killed Natasha
  2630 | D:2      | Noticed Natasha
  2638 | D:2      | Killed Natasha
  2645 | D:2      | Noticed Natasha
  2662 | D:2      | Killed Natasha
  2663 | D:2      | Reached XP level 5. HP: 24/35 MP: 7/11
  4003 | D:2      | Reached skill level 5 in Poison Magic
  4368 | D:3      | Learned a level 3 spell: Mephitic Cloud
  4414 | D:3      | Noticed a phantom
  4460 | D:3      | Killed a phantom
  4461 | D:3      | Gained mutation: You have a small tail. [demonic ancestry]
  4461 | D:3      | Reached XP level 6. HP: 17/41 MP: 0/12
  4732 | D:2      | Learned a level 4 spell: Olgreb's Toxic Radiance
  5257 | D:3      | Found Bineesaf's General Store.
  5266 | D:3      | Bought a potion of curing for 39 gold pieces
  5266 | D:3      | Bought a scroll of identify for 26 gold pieces
  5399 | D:3      | Found a sacrificial altar of Ru.
  6302 | D:4      | Found a stormy altar of Qazlal.
  6459 | D:4      | Found a shadowy altar of Dithmenos.
  6879 | D:4      | Found a hide-covered altar of Uskayaw.
  6974 | D:5      | Entered Level 5 of the Dungeon
  7049 | D:4      | Noticed Menkaure
  7361 | D:5      | Reached XP level 7. HP: 46/46 MP: 0/13
  8733 | D:5      | Reached skill level 5 in Spellcasting
  9075 | D:5      | Gained mutation: You have a tail ending in a sharp stinger.
                  | [demonic ancestry]
  9075 | D:5      | Reached XP level 8. HP: 37/52 MP: 8/17
  9530 | D:5      | Found a transporter.
  9532 | D:5      | Found a transporter.
  9539 | D:5      | Found a shimmering blue altar of Sif Muna.
  9721 | D:5      | Found a bloodstained altar of Trog.
 10058 | D:4      | Killed Menkaure
 10059 | D:4      | Reached skill level 1 in Evocations
 11158 | D:6      | Found a staircase to the Ecumenical Temple.
 11191 | Temple   | Entered the Ecumenical Temple
 11208 | Temple   | Became a worshipper of Vehumet
 11316 | D:6      | Gained mutation: A meltable icy envelope protects you from
                  | harm. (AC +8) [demonic ancestry]
 11316 | D:6      | Reached XP level 9. HP: 54/57 MP: 15/21
 11385 | D:6      | Noticed Blork the orc
 11399 | D:6      | Killed Blork the orc
 11400 | D:6      | Reached skill level 5 in Evocations
 11556 | D:6      | Reached skill level 1 in Fighting
 11780 | D:6      | Found an ornate altar of the Wu Jian Council.
 12296 | D:6      | Got the Exposition on the Hyperbolic Winter
 13585 | D:8      | Noticed Psyche
 13605 | D:8      | Killed Psyche
 13835 | D:8      | Reached skill level 5 in Fighting
 13953 | D:8      | Reached XP level 10. HP: 57/76 MP: 17/22
 14074 | D:8      | Reached * piety under Vehumet
 14074 | D:8      | Offered knowledge of Shock by Vehumet.
 14340 | D:8      | Noticed Maggie
 14375 | D:8      | Killed Maggie
 14963 | D:8      | Noticed Pikel
 14987 | D:8      | Killed Pikel
 14988 | D:8      | Reached skill level 10 in Poison Magic
 15312 | D:8      | Found an ancient bone altar of Kikubaaqudgha.
 15497 | D:9      | Found a basalt altar of Yredelemnul.
 16356 | D:9      | Found Jyesuh's Antique Armour Shoppe.
 16357 | D:9      | Noticed a two-headed ogre
 16390 | D:9      | Killed a two-headed ogre
 16632 | D:9      | Noticed a centaur warrior
 16888 | D:9      | Found a staircase to the Orcish Mines.
 17909 | D:9      | Killed a centaur warrior
 18254 | D:10     | Entered Level 10 of the Dungeon
 18293 | D:10     | Reached XP level 11. HP: 75/87 MP: 21/23
 18935 | D:10     | Reached ** piety under Vehumet
 18935 | D:10     | Offered knowledge of Searing Ray by Vehumet.
 19145 | D:10     | Found a staircase to the Lair.
 19588 | D:10     | Learned a level 2 spell: Searing Ray
 19831 | D:10     | Found a blossoming altar of Fedhas.
 20162 | Lair:1   | Entered Level 1 of the Lair of Beasts
 20243 | Lair:1   | Reached skill level 10 in Fighting
 21652 | Lair:2   | Found a staircase to the Swamp.
 22067 | Lair:2   | Learned a level 4 spell: Iskenderun's Mystic Blast
 22153 | Lair:2   | Found a staircase to the Snake Pit.
 22184 | Lair:2   | Reached skill level 1 in Conjurations
 22546 | Lair:2   | Reached XP level 12. HP: 102/102 MP: 7/24
 22678 | Lair:2   | Noticed Gastronok
 22725 | Lair:2   | Killed Gastronok
 22973 | Lair:2   | Noticed a death yak
 22974 | Lair:2   | Noticed a death yak
 22975 | Lair:2   | Noticed a death yak
 23134 | Lair:2   | Reached skill level 5 in Conjurations
 23384 | Lair:2   | Killed a death yak
 23634 | Lair:2   | Killed a death yak
 23852 | Lair:2   | Killed a death yak
 24049 | Lair:3   | Noticed a boulder beetle
 24136 | Lair:3   | Killed a boulder beetle
 24260 | Lair:3   | Noticed an eight-headed hydra
 24377 | Lair:3   | Killed an eight-headed hydra
 24377 | Lair:3   | Offered knowledge of Conjure Flame by Vehumet.
 25224 | Lair:4   | Found a runed translucent gate.
 25224 | Lair:4   | Found a runed translucent gate.
 25224 | Lair:4   | Found a runed translucent gate.
 25225 | Lair:4   | Noticed Mekil's ghost (journeyman FeAK)
 25238 | Lair:4   | Noticed a death yak
 25255 | Lair:4   | Noticed a death yak
 25271 | Lair:4   | Killed a death yak
 25276 | Lair:4   | Killed a death yak
 25574 | Lair:4   | Reached *** piety under Vehumet
 25575 | Lair:4   | Reached skill level 10 in Conjurations
 25613 | Lair:4   | Found the +3 pair of mountain boots {steadfast, rC+}
 26402 | Lair:4   | Identified the ring of Bewn {rF+ rC+}
 26877 | Lair:4   | Killed Mekil's ghost
 27021 | Lair:5   | Entered Level 5 of the Lair of Beasts
 27021 | Lair:5   | Noticed a six-headed hydra
 27122 | Lair:5   | Gained mutation: A meltable icy envelope protects you from
                  | harm. (AC +8) [demonic ancestry]
 27122 | Lair:5   | Reached XP level 13. HP: 101/102 MP: 16/25
 28300 | Lair:4   | Offered knowledge of Hailstorm by Vehumet.
 28475 | Lair:5   | Reached skill level 1 in Translocations
 29427 | Lair:4   | Reached skill level 5 in Translocations
 29793 | Lair:5   | Found a staircase to the Slime Pits.
 29946 | Lair:5   | Found a basalt altar of Yredelemnul.
 30562 | Lair:5   | Reached **** piety under Vehumet
 30642 | Lair:5   | Offered knowledge of Iskenderun's Battlesphere by Vehumet.
 30649 | Lair:5   | Learned a level 5 spell: Iskenderun's Battlesphere
 31726 | Lair:5   | Learned a level 6 spell: Dispersal
 31988 | Lair:5   | Gained mutation: Spells you cast may paralyse adjacent
                  | enemies. [demonic ancestry]
 31988 | Lair:5   | Reached XP level 14. HP: 115/115 MP: 15/26
 32825 | Lair:5   | Reached skill level 10 in Translocations
 32933 | Lair:5   | Found a corrupted altar of Lugonu.
 32933 | Lair:5   | Found a one-way gate to the infinite horrors of the Abyss.
 33201 | Orc:1    | Entered Level 1 of the Orcish Mines
 33475 | Orc:1    | Noticed Harold
 33480 | Orc:1    | Reached ***** piety under Vehumet
 33484 | Orc:1    | Noticed an orc warlord
 33486 | Orc:1    | Killed Harold
 33486 | Orc:1    | Offered knowledge of Flame Wave by Vehumet.
 33763 | D:9      | Killed an orc warlord
 34154 | Orc:2    | Entered Level 2 of the Orcish Mines
 34235 | Orc:2    | Found a dark tunnel.
 34244 | Volcano  | Entered a volcano
 34708 | Volcano  | Found a burning altar of Makhleb.
 35807 | Orc:2    | Found a staircase to the Elven Halls.
 35843 | Orc:2    | Noticed Donald
 35859 | Orc:2    | Killed Donald
 36661 | Orc:2    | Offered knowledge of Airstrike by Vehumet.
 36763 | Orc:2    | Found Huurakasch's Antique Armour Emporium.
 36815 | Orc:2    | Noticed Maurice
 36819 | Orc:2    | Killed Maurice
 37473 | Orc:2    | Noticed an orc warlord
 37518 | Orc:1    | Noticed an orc warlord
 37520 | Orc:1    | Reached skill level 1 in Shields
 37537 | Orc:2    | Paralysed by an orc sorcerer for 5 turns
 38260 | Orc:2    | Found Xihij's Jewellery Emporium.
 38268 | Orc:2    | Bought the amulet of Exuzaj {Reflect rF+ Will+ Int+2 Dex-2
                  | SH+5} for 694 gold pieces
 39374 | Orc:2    | Slain by an orc warlord

Illustrated notes

Levels and vault maps discovered:
D:1:      dpeg_arrival_chambers_temple_mockup, layout_rooms,
          basic_ecumenical_altar, minmay_rat_gold_closets
D:2:      layout_basic, lightli_corner_chamber, uniq_natasha
D:3:      layout_loops_cross, nicolae_ru_awakened_eye, serial_shops,
          nicolae_shop_advertising_works [nicolae_subvault_shop_adworks],
          minmay_door_square, st_stairs_4
D:4:      wad_lake_hut, layout_cave_pools, mainiacjoe_overflow_small_starburst,
          mainiacjoe_overflow_big_doors, grunt_tough_drop, uniq_menkaure
D:5:      layout_rooms, lightli_temple_of_fire, gammafunk_temple_overflow_arena,
          gup_sewer_entry_bowl
D:6:      layout_gridville, nzn_wu_jian_contemplation,
          minmay_temple_entry_statues_fountains, minmay_stone_trees_small,
          uniq_blork_the_orc
D:7:      layout_cave_pods
D:8:      layout_loops_cross, tgw_kikubaaqudgha, uniq_maggie, uniq_pikel,
          uniq_psyche
D:9:      kennysheep_big_flooded_room, layout_loops_ring,
          mainiacjoe_overflow_alcove_2, serial_shops, nicolae_shop_stone,
          enter_bailey_3
D:10:     layout_roguey, nicolae_elyvilon_temple_path, lemuel_round_altar,
          david_lair_generic
D:11:     layout_roguey, uniq_erica
Temple:   nicolae_temple_ecumenical_triangle
Lair:1:   layout_regular_city, chequers_serial_rivers_room_a,
          nicolae_quartered_pool_super, chequers_serial_rivers_small_b,
          grunt_megastairs_4
Lair:2:   layout_hall_layers, swamp_mist, guppyfry_snake_entry_island,
          uniq_gastronok
Lair:3:   layout_hall_layers, lemuel_fruit_fields
Lair:4:   layout_big_grid, gammafunk_ghost_necromancy,
          grunt_forest_stairs_basic, columned_hall_lemuel, beast_lair_carwin_9
Lair:5:   hellmonk_lair_end_abyssal_woods, layout_gridlike, slime_entry_1,
          basic_altar, minivault_27, grunt_megastairs_2
Orc:1:    layout_diamond_mine, uniq_jorgrun, uniq_harold
Orc:2:    grunt_orc_community_town_hall, layout_diamond_mine,
          grunt_orc_community_big_house_1, grunt_orc_community_big_house_1,
          grunt_orc_community_house_2, grunt_orc_community_house_3,
          grunt_orc_community_house_2, grunt_orc_community_house_2,
          grunt_orc_community_house_1, lightli_volcano_entry_magma_tube,
          mines5_lemuel, uniq_donald, uniq_maurice

Skill      XL: |  1  2  3  4  5  6  7  8  9 10 11 12 13 14 |
---------------+-------------------------------------------+-----
Transmutations | 1 |  1.0
Stealth        | 2 |  2.0
Dodging        | 2 3 |  3.3
Spellcasting   | 3 4 6 8 |  8.0
Poison Magic   | 4 5 7 9 11 12 | 12.0
Evocations     | 4 5 |  5.0
Fighting       | 5 8 12 | 12.0
Conjurations   | 3 11 12 | 12.0
Translocations | 9 12 | 12.0
Shields        | 2 |  2.5

Action                   |  1- 3 |  4- 6 |  7- 9 | 10-12 | 13-15 || total
-------------------------+-------+-------+-------+-------+-------++-------
Melee: Unarmed           |     8 |       |       |       |       ||     8
       Dagger            |    65 |    94 |    81 |   337 |    47 ||   624
       Tailslap          |       |     6 |    11 |    51 |    16 ||    84
       Punch             |       |     1 |     2 |     5 |     2 ||    10
Throw: Throwing net      |       |       |       |     1 |       ||     1
 Cast: Sting             |    30 |    24 |   133 |    19 |       ||   206
       Poisonous Vapours |    27 |   113 |    76 |   162 |    72 ||   450
       Olgreb's Toxic Ra |       |     6 |    15 |    56 |    72 ||   149
       Mephitic Cloud    |       |       |     8 |     9 |       ||    17
       Searing Ray       |       |       |       |    97 |   228 ||   325
       Iskenderun's Myst |       |       |       |    21 |    40 ||    61
       Iskenderun's Batt |       |       |       |       |    59 ||    59
       Dispersal         |       |       |       |       |     1 ||     1
Evoke: Wand              |       |     1 |     3 |     7 |     7 ||    18
       Box of beasts     |       |       |       |     1 |     1 ||     2
       Phantom mirror    |       |       |       |       |     2 ||     2
  Use: Potion            |       |     2 |     3 |     7 |     5 ||    17
       Scroll            |       |     4 |     6 |     7 |     3 ||    20
 Stab: Sleeping          |     1 |       |       |       |       ||     1
       Paralysed         |       |       |       |     6 |       ||     6
       Confused          |       |       |       |     3 |     1 ||     4
Armor: Robe              |    16 |    23 |    23 |     1 |   228 ||   291
       Steam dragon scal |       |       |    33 |    65 |       ||    98
       Troll leather arm |       |       |       |    99 |       ||    99
       Acid dragon scale |       |       |       |    30 |       ||    30
Dodge: Dodged            |    48 |    47 |   119 |   411 |   449 ||  1074
Block: Other             |     8 |    21 |    22 |   109 |    91 ||   251
       Kite shield       |       |       |       |       |     8 ||     8
